Unix NetHack Version 5.0.0-0 post-release - last build May 31 2026 23:59:36 (970b52f25bf058293b47ddfd14a1e40e571c508c,branch:main).

Game began 2026-06-05 19:03:01, ended 2026-06-05 19:44:01.

FutureTim, lawful female human Valkyrie

                     -----------------------------------------------------
                     |.................................|.............)...|
                     |..----------------------------...|--.-------------.|
                     |..|..........................|...| ---      -----|.|
                     |...............<.............|...----       |...||.|
                     |..|*...............^.........---....|     ---...||.|
                     |..|..........................).|....|     |.....||.|
                     |..------------------------------..---     |..----|.|
                     |...........................)...))^|       |..|   |.|
                     |..------------------------------..------  |..|   |.|
                     |..|     --------------         |.%%....|---..-----.|
                     |..|     |...%..@...^..         ---%----|...........|
                     |..-------)|.----------           |.|...|---..-------
                     |..........|.---------------------|.|.{.----..-------
            --------------------|.)...)................|*|...............|
            |...................|.---------------------|.---------------.|
            |.........^...........|                    |..*..............|
            -----------------------                    -------------------
FutureTim the Fighter       St:18/01 Dx:12 Co:17 In:11 Wi:9 Ch:8  Lawful
Dlvl:10 $:700 HP:0(83) Pw:19(19) AC:-3 Xp:8 T:3772  Blind

Latest messages:
 The chickatrice touches you!
 You hit the chickatrice!
 You hit the chickatrice!
 The chickatrice turns to flee.
 You kill the chickatrice!
 Your candles are consumed!
 Their flames die.
 You hit the dust vortex!
 The dust vortex engulfs you!
 You can't see in here!
 You hit the dust vortex.
 You destroy the dust vortex!
 It hits!
 It misses!
 It misses!
 It misses!
 It bites!
 It hits!
 Wait!  There's something there you can't see!
 It gets angry!
 It hits!
 It bites!
 It hits!
 It hits!
 You kill it!
 It hits!
 It misses!
 It misses!
 You try to feel what is lying here on the floor.
 You feel an unseen monster!
 It hits!
 It bites!
 It hits!
 You miss it.
 It hits!
 It bites!
 It misses!
 You hit it.
 It misses!
 It misses!
 It just misses!
 You hit it.
 It misses!
 It bites!
 It hits!
 It misses!
 It misses!
 It bites!
 You die...
 Do you want your possessions identified? [ynq] (y) q

Inventory:
 Coins    ('$')
  $ - 700 gold pieces
 Amulets  ('"')
  j - an uncursed amulet of magical breathing
 Weapons  (')')
  b - 5 +0 daggers (alternate weapons; not wielded)
  w - a +2 spear (weapon in right hand)
  F - the cursed +1 Fire Brand
  o - a +0 long sword
 Armor    ('[')
  q - an uncursed +0 dwarvish iron helm (being worn)
  r - a blessed +2 pair of iron shoes (being worn)
  c - a blessed +4 small shield (being worn)
  s - a blessed fireproof +2 dwarvish cloak (being worn)
 Comestibles  ('%')
  k - an uncursed slime mold
  d - 4 uncursed food rations
  E - an uncursed lembas wafer
 Scrolls  ('?')
  A - a blessed scroll of create monster
  m - an uncursed scroll of create monster
  z - 2 uncursed scrolls of identify
  l - an uncursed scroll of remove curse
  g - 2 uncursed scrolls of teleportation
 Potions  ('!')
  y - an uncursed potion of enlightenment
  h - an uncursed potion of extra healing
  e - 2 uncursed potions of gain energy
  x - a blessed potion of levitation
  n - an uncursed potion of object detection
  u - a potion of holy water
 Rings    ('=')
  Q - an uncursed ring of warning
 Wands    ('/')
  f - a wand of light (0:15)
  U - a wand of light (0:8)
  T - a wand of magic missile (0:4)
 Tools    ('(')
  i - an uncursed lock pick
  t - an uncursed oil lamp
  p - a +0 pick-axe
  Y - an uncursed tin whistle

FutureTim the Valkyrie's attributes:

Background:
 You were a Fighter, a level 8 human Valkyrie.
 You were lawful, on a mission for Tyr
 who was opposed by Odin (neutral) and Loki (chaotic).
 You were right-handed.
 You were in the Gnomish Mines, on level 10.
 You entered the dungeon 3772 turns ago.
 You had 1823 experience points, 737 more were needed to attain level 9.

Basics:
 You had 0 out of 83 hit points.
 You had all 19 energy points (spell power).
 Your armor class was -3.
 Your wallet contained 700 zorkmids.
 Autopickup was off.

Final Characteristics:
 Your strength was 18/01 (limit:18/100).
 Your dexterity was 12 (limit:18).
 Your constitution was 17 (limit:18).
 Your intelligence was 11 (limit:18).
 Your wisdom was 9 (limit:18).
 Your charisma was 8 (limit:18).

Final Status:
 You were temporarily blind.
 You weren't hungry.
 You were unencumbered.
 You were wielding a spear.
 You had expert skill with spear.

Final Attributes:
 You were fervently aligned.
 Your items were somewhat protected from fire.
 You were cold resistant.
 Your items were somewhat protected from cold.
 You were poison resistant.
 You were stealthy.
 You were warded.
 You were fast.
 You are dead.

Miscellaneous:
 You encountered 1 bones level.
 Total elapsed playing time was 40 minutes and 59 seconds.

Major events:
 Turn
    1: FutureTim the lawful human Valkyrie entered the dungeon
  574: entered the Gnomish Mines
  623: attained the rank of Skirmisher (level 3)
 1473: reached Mine Town
 1581: attained the rank of Fighter (level 6)
 2332: found Fire Brand on the floor
 3772: killed by a leocrotta

Spells:
 Name                 Level Category     Fail Retention
 healing                1   healing       87%  76%-100%

Skills:
 Fighting Skills
   bare handed combat [Unskilled]
   two weapon combat  [Unskilled]
   riding             [Unskilled]
 Weapon Skills
   dagger             [Basic]
   axe                [Unskilled]
   pick-axe           [Unskilled]
   short sword        [Unskilled]
   broadsword         [Unskilled]
   long sword         [Unskilled]
   two-handed sword   [Unskilled]
   saber              [Unskilled]
   hammer             [Unskilled]
   quarterstaff       [Unskilled]
   polearms           [Unskilled]
   spear              [Expert]
   trident            [Unskilled]
   lance              [Unskilled]
   sling              [Unskilled]
 Spellcasting Skills
   attack spells      [Unskilled]
   escape spells      [Unskilled]

Voluntary challenges:
 Character rerolling was not enabled.
 You never genocided any monsters.
 You never polymorphed an object.
 You never changed form.
 You used no wishes.
Achievements:
 You entered a shop.
 You entered the Gnomish Mines.
 You attained the rank of Skirmisher.
 You entered Minetown.
 You attained the rank of Fighter.
 You entered a temple.

 The Dungeons of Doom: levels 1 to 2
    Level 1:
    Level 2:
       A potion shop, a sink.
       Stairs down to The Gnomish Mines.
 The Gnomish Mines: levels 3 to 10
    Level 3:
    Level 4:
    Level 5:
    Level 6:
       Many shops, a temple and an altar, some fountains, some trees.
    Level 7:
       A grave.
       Final resting place for
          magnolian-Val-Hum-Fem-Law, killed by a magic missile zapped by a shopkeeper.
    Level 9:
    Level 10: <- You were here.
       A fountain.
       Final resting place for
          you, killed by a leocrotta.


Vanquished creatures:
  a ghost
  a giant mimic
  a large mimic
  a small mimic
  a giant beetle
  a quivering blob
  3 giant spiders
  2 gnome rulers
  2 Green-elves
  2 chickatrices
  a dwarf leader
  a dust vortex
 an ape
  2 rock piercers
  a rock mole
  a pony
  a yellow light
  8 gnome leaders
  3 gnomish wizards
  a gray ooze
  a barrow wight
  a straw golem
  5 dwarves
  2 giant bats
  a werejackal
 an iguana
  2 coyotes
  3 gas spores
  a hobbit
  a manes
  3 cave spiders
  a red mold
 44 gnomes
  a gecko
  a jackal
  2 foxes
  2 goblins
  a sewer rat
  4 grid bugs
  5 lichens
  2 kobold zombies
119 creatures vanquished.

No species were genocided or became extinct.

Game over:
                       ----------
                      /          \
                     /    REST    \
                    /      IN      \
                   /     PEACE      \
                  /                  \
                  |    FutureTim     |
                  |      700 Au      |
                  |   killed by a    |
                  |    leocrotta     |
                  |                  |
                  |                  |
                  |       2026       |
                 *|     *  *  *      | *
        _________)/\\_//(\/(/\)/\//\/|_)_______

Farvel FutureTim the Valkyrie...

You died in The Gnomish Mines on dungeon level 10 with 8422 points,
and 700 pieces of gold, after 3772 moves.
You were level 8 with a maximum of 83 hit points when you died.

